 Dungeon Crawl Stone Soup version 0.31-a0-750-gfe7b580527 (console) character file.

Game seed: 12075817076064757510

112878 jejorda2 the Protected (level 16, -13/129 HPs)
             Began as a Gnoll Berserker on Sept 14, 2023.
             Was a High Priest of Trog.
             Blown up by an orb spider (38 damage)
             ... with a wavering orb of destruction
             ... led by a jorogumo
             ... on level 2 of the Spider Nest.
             The game lasted 01:34:29 (26182 turns).

jejorda2 the Protected (Gnoll Berserker)           Turns: 26182, Time: 01:34:35

Health: -13/129    AC: 27    Str: 23    XL:     16   Next: 61%
Magic:  28/31      EV: 11    Int:  6    God:    Trog [*****.]
Gold:   636        SH:  0    Dex: 21    Spells: 37/37 levels left

rFire   + . .        b - +5 Force Lance {heavy, knockback}
rCold   + . .        (no shield)
rNeg    . . .        G - +1 gold dragon scales
rPois   +            q - +2 helmet
rElec   .            n - scarf {shadows}
rCorr   .            (no gloves)
SInv    +            k - +2 pair of boots
Will    ++++.        D - amulet of faith Stlth
                     p - ring "Ydoilez" {Will+ Dex+5}
HPRegen 1.41/turn    s - ring of see invisible
MPRegen 0.22/turn

%: faith
@: strong-willed, on berserk cooldown, regenerating, slowed, studying Armour,
very slow
A: fangs 1, strong nose, distributed training, talons 1, agile 1, MP-powered
wands
a: Renounce Religion, Berserk, Trog's Hand, Brothers in Arms


You were on level 2 of the Spider Nest.
You worshipped Trog.
Trog was extremely pleased with you.
You visited 4 branches of the dungeon, and saw 24 of its levels.
You visited 1 bazaar.
You also visited: Gauntlet.

You collected 3091 gold pieces.
You spent 2455 gold pieces at shops.

Inventory:

Hand Weapons
 a - a +8 battleaxe of flaming
 b - the +5 Force Lance (weapon) {heavy, knockback}
   (You took it off a minotaur in a Gauntlet)
 w - the +5 woodcutter's axe
   (You found it on level 2 of the Dungeon)
Missiles
 e - 14 javelins
 l - 38 poisoned darts (quivered)
 u - 3 curare-tipped darts
 B - 22 boomerangs
 L - 4 datura-tipped darts
Armour
 k - a +2 pair of boots (worn)
 n - a scarf of shadows (worn)
 q - a +2 helmet (worn)
 G - +1 gold dragon scales (worn)
Jewellery
 h - a ring of resist corrosion
 p - the ring "Ydoilez" (left hand) {Will+ Dex+5}
   (You found it on level 1 of the Spider Nest)

   [ring of willpower]

   Dex+5:     It affects your dexterity (+5).
   Will+:     It increases your willpower.
 s - a ring of see invisible (right hand)
 A - the ring "Erphyxe" {Fly Str+3 Int+6 Dex+2}
   (You found it on level 9 of the Dungeon)

   [ring of intelligence]

   Str+3:     It affects your strength (+3).
   Int+6:     It affects your intelligence (+6).
   Dex+2:     It affects your dexterity (+2).
   Fly:       It grants you flight.
 D - an amulet of faith (around neck)
 N - a ring of ice
 P - a ring of willpower
 R - a ring of protection from fire
Wands
 c - a wand of roots (34)
 g - a wand of light (19)
 y - a wand of flame (62)
 z - a wand of mindburst (18)
 M - a wand of digging (6)
 Q - a wand of polymorph (10)
Scrolls
 f - 5 scrolls of poison
 t - 2 scrolls of summoning
 v - 4 scrolls of teleportation
 F - 5 scrolls of fog
 I - 3 scrolls of fear
 J - a scroll of immolation
Potions
 d - 4 potions of enlightenment
 i - 5 potions of attraction
 j - 6 potions of curing
 m - 4 potions of heal wounds
 o - 7 potions of cancellation
 r - a potion of invisibility
 H - 2 potions of haste
 K - a potion of might
 O - a potion of ambrosia
Miscellaneous
 C - a lightning rod (4/4)


   Skills:
 + Level 12.9 Fighting
 + Level 11.2 Short Blades
 + Level 11.2 Long Blades
 + Level 12.9 Axes
 + Level 11.2 Maces & Flails
 + Level 11.2 Polearms
 + Level 11.2 Staves
 + Level 11.2 Ranged Weapons
 + Level 11.2 Throwing
 + Level 13.0 Armour
 + Level 12.1 Dodging
 + Level 11.2 Stealth
 + Level 11.2 Shields
 + Level 11.2 Unarmed Combat
 + Level 11.2 Spellcasting
 + Level 9.4 Conjurations
 + Level 9.4 Hexes
 + Level 9.4 Summonings
 + Level 9.4 Necromancy
 + Level 9.4 Translocations
 + Level 9.4 Transmutations
 + Level 9.4 Fire Magic
 + Level 9.4 Ice Magic
 + Level 9.4 Air Magic
 + Level 9.4 Earth Magic
 + Level 9.4 Poison Magic
 + Level 12.2 Invocations
 + Level 11.2 Evocations
 + Level 10.3 Shapeshifting


You had 37 spell levels left.
You didn't know any spells.
Your spell library was empty.

Dungeon Overview and Level Annotations

Branches:
Dungeon (15/15)            Temple (0/1) D:4            Lair (5/5) D:9
 Shoals (0/4) Lair:2       Spider (2/4) Lair:3        Slime (0/5) Lair:5
    Orc (2/2) D:11            Elf (0/3) Orc:2        Vaults (0/5) D:13
 Depths (0/4) D:15        Gauntlet (visited)

Altars:
Elyvilon
Gozag
Nemelex Xobeh
Okawaru
Qazlal
Uskayaw
Vehumet
Jiyva

Shops:
D:3 (   D:7 *   D:8 =   Orc:1 *   Orc:2 :([!

Portals:
Trove: D:12 (give 5 scrolls of blinking)


Innate Abilities, Weirdness & Mutations

You have very sharp teeth.
Your uncanny sense of smell can sniff out nearby items.
Your experience applies equally to all skills.
You have sharp toenails.
You are agile. (Dex +4, Str/Int -1)
You expend magic power (3 MP) to strengthen your wands.


Message History

You slice the jorogumo!! You burn the jorogumo.
You kill the jorogumo!
Trog accepts your kill.
Trog appreciates your killing of a magic user.
You are no longer berserk.
You are exhausted.
You feel yourself slow down.
Your skin crawls.
You feel strong-willed.
The orb spider weaves a glowing orb of energy.
An orb of destruction comes into view.
Blink to where?
Press: ? - help, Dir - move target
As you read the scroll of blinking, it crumbles to dust.
Okay, then.
You start resting.
An orb spider is nearby!
Aiming: Bolt of Light
Press: ? - help, Shift-Dir - straight line, f - orb spider
Aim: an orb spider (76% to hit)
You feel a surge of power!
The bolt of light hits the orb spider!!
The orb spider is severely wounded.
The orb spider is blinded.
The orb spider begins to weave its threads into a brightly glowing ball.
Your +8 battleaxe of flaming stops flaming.
K - the +5 Force Lance (weapon)
{heavy, knockback} The orb spider weaves a glowing orb of energy.
An orb of destruction comes into view.
Adjust (i)tems, (s)pells, or (a)bilities?
K - the +5 Force Lance (weapon)
{heavy, knockback} Adjust to which letter? (? for menu, Esc to quit)
b - the +5 Force Lance (weapon)
{heavy, knockback}
K - a potion of might You are too injured to fight recklessly!
Reach: b) +5 Force Lance {heavy, knockback}
Press: ? - help, Dir - move target, f/p - orb spider
Aim: an orb spider (severely wounded, blind, about 24% to evade the +5 Force Lance)
The orb of destruction is in the way.
The wavering orb of destruction hits you!!!
You die...

##........~..~~ ~~..~.
......††~~~...~ ≈~~≈≈≈
.#s..#..~.......~≈≈...~
##.#○.>.......~~≈~....
###s.........~....##† .
###*...............## ..#
#...#####.........###
....#..##.#.###.........#
.......#@[....#..........
.....#s☼......####..##..#
###.###...........^##...# ##
#.....#.....####.^#
#....###....# #..##
########### #..#####..#
###..#..##^.######.##...#
##.#....#.....###....#..###
##.....^......###.....#...#.


You could see an orb spider (blind).

Vanquished Creatures
  Jorgrun (Spider:2)
  Agnes (D:15)
  Kirke (D:14)
  A ghost moth (Spider:1)
  Nessos (Lair:5)
  A minotaur (Gauntlet)
  A spark wasp (Spider:2)
  Snorg (D:13)
  A vault guard (D:13)
  5 hydras
  Erolcha (Orc:2)
  A jorogumo (Spider:2)
  A radroach (Spider:2)
  2 ogre magi (Orc:2)
  An anaconda (Lair:5)
  2 boulder beetles
  14 two-headed ogres
  5 centaur warriors
  7 death yaks (Lair:5)
  3 tengu warriors (D:15)
  2 demonic crawlers
  An orc high priest (Orc:1)
  Urug (Lair:1)
  An iron troll (Orc:2)
  Lodul (D:10)
  The ghost of innerfire43 the Martial Artist, a novice GnSh of Cheibriados (D:8)
  A glowing orange brain (D:13)
  A deep troll (Orc:2)
  3 skeletal warriors (D:14)
  2 orb spiders
  2 obsidian statues
  A necromancer (D:15)
  2 deep elf pyromancers
  A steelbarb worm (Spider:1)
  2 wizards (D:15)
  A lindwurm (shapeshifter) (D:8)
  2 orc knights (D:15)
  2 deep elf zephyrmancers (D:15)
  7 manticores
  3 orc sorcerers
  5 wolf spiders
  4 cyclopes
  2 centaur zombies (D:15)
  An ugly thing (D:13)
  A merfolk siren (Lair:2)
  2 elephants (Lair:4)
  6 black mambas
  A smoke demon (Gauntlet)
  3 torpor snails
  10 cane toads
  A centaur skeleton (D:15)
  2 unseen horrors
  2 efreet
  2 kobold demonologists
  A freezing wraith (D:15)
  2 rime drakes
  9 komodo dragons
  3 meliai (Gauntlet)
  8 trolls
  A red devil (Gauntlet)
  3 hornets
  6 polar bears (Lair:5)
  A polar bear (shapeshifter) (D:8)
  6 tarantellas
  17 blink frogs
  10 culicivoras
  9 jumping spiders
  2 slime creatures (D:12)
  2 wraiths
  A spriggan (shapeshifter) (D:14)
  2 shadows (D:12)
  10 wyverns
  28 yaks
  Grum (Lair:1)
  6 basilisks
  28 redbacks
  A neqoxec (D:8)
  10 wargs
  11 hell hounds (Lair:5)
  2 acid dragons (D:12)
  20 water moccasins
  2 sky beasts
  8 black bears
  2 ice beasts
  33 orc warriors
  33 wolves
  27 ogres
  9 centaurs
  8 kobold brigands
  2 phantoms
  9 bullfrogs
  A gnoll sergeant (D:2)
  3 scorpions
  A scorpion (shapeshifter) (D:13)
  7 wights
  11 killer bees
  A howler monkey (D:6)
  4 crimson imps (Gauntlet)
  2 jellies
  16 orc priests
  A sleepcap (D:6)
  2 hounds (D:6)
  2 gnoll boudas
  28 orc wizards
  3 iguanas
  5 hell rats (Lair:3)
  15 gnolls
  8 adders
  4 white imps
  An ufetubus (D:5)
  A worm (D:3)
  105 orcs
  6 bats
  6 endoplasms
  3 giant cockroaches (D:1)
  6 goblins
  9 hobgoblins
  4 jackals (D:2)
  23 kobolds
  5 quokkas
  6 ball pythons
  2 frilled lizards (D:2)
  4 rats
758 creatures vanquished.

Vanquished Creatures (collateral kills)
  A catoblepas (Lair:5)
  A death yak (Lair:5)
  A glowing orange brain (D:8)
  3 ugly things (D:8)
  4 elephants (Lair:4)
  3 polar bears (Lair:5)
  A raiju (Lair:5)
  2 blink frogs (Lair:4)
  2 slime creatures (D:12)
  3 hell hounds (Lair:5)
  4 black bears (Lair:5)
  2 wolves (Lair:5)
  A bullfrog (Lair:4)
28 creatures vanquished.

Grand Total: 786 creatures vanquished

Notes
Turn   | Place    | Note
-------+----------+-------------------------------------------
     0 | D:1      | jejorda2 the Gnoll Berserker began the quest for the Orb.
     0 | D:1      | Reached XP level 1. HP: 23/23 MP: 1/1
    90 | D:1      | Reached XP level 2. HP: 27/29 MP: 2/2
   678 | D:2      | Reached XP level 3. HP: 21/35 MP: 3/3
   776 | D:2      | Reached skill level 1 in Invocations
   799 | D:2      | Reached skill level 1 in Short Blades
   799 | D:2      | Reached skill level 1 in Long Blades
   799 | D:2      | Reached skill level 1 in Maces & Flails
   799 | D:2      | Reached skill level 1 in Polearms
   799 | D:2      | Reached skill level 1 in Staves
   799 | D:2      | Reached skill level 1 in Ranged Weapons
   799 | D:2      | Reached skill level 1 in Throwing
   799 | D:2      | Reached skill level 1 in Stealth
   799 | D:2      | Reached skill level 1 in Shields
   799 | D:2      | Reached skill level 1 in Unarmed Combat
   799 | D:2      | Reached skill level 1 in Spellcasting
   799 | D:2      | Reached skill level 1 in Evocations
   913 | D:2      | Reached skill level 1 in Shapeshifting
   913 | D:2      | Reached XP level 4. HP: 17/41 MP: 5/5
  1032 | D:2      | Noticed a gnoll sergeant
  1032 | D:2      | Found the +5 woodcutter's axe
  1052 | D:2      | Killed a gnoll sergeant
  1053 | D:2      | Reached skill level 1 in Conjurations
  1053 | D:2      | Reached skill level 1 in Hexes
  1053 | D:2      | Reached skill level 1 in Summonings
  1053 | D:2      | Reached skill level 1 in Necromancy
  1053 | D:2      | Reached skill level 1 in Translocations
  1053 | D:2      | Reached skill level 1 in Transmutations
  1053 | D:2      | Reached skill level 1 in Fire Magic
  1053 | D:2      | Reached skill level 1 in Ice Magic
  1053 | D:2      | Reached skill level 1 in Air Magic
  1053 | D:2      | Reached skill level 1 in Earth Magic
  1053 | D:2      | Reached skill level 1 in Poison Magic
  1053 | D:2      | Reached XP level 5. HP: 22/47 MP: 5/7
  1276 | D:2      | Found a hide-covered altar of Uskayaw.
  1522 | D:2      | Reached ** piety under Trog
  1778 | D:3      | Found a radiant altar of Vehumet.
  1972 | D:3      | Found a stormy altar of Qazlal.
  2190 | D:3      | Found Majak's Antique Weapon Boutique.
  2277 | D:4      | Reached XP level 6. HP: 53/53 MP: 8/8
  2377 | D:4      | Reached skill level 5 in Armour
  2377 | D:4      | Reached skill level 5 in Dodging
  2493 | D:4      | Reached *** piety under Trog
  2692 | D:4      | Found a staircase to the Ecumenical Temple.
  2795 | D:4      | Found a white marble altar of Elyvilon.
  3049 | D:5      | Entered Level 5 of the Dungeon
  3183 | D:5      | Noticed an ice beast
  3189 | D:5      | Killed an ice beast
  3190 | D:5      | Reached XP level 7. HP: 59/59 MP: 10/10
  3662 | D:5      | Found an iron altar of Okawaru.
  3678 | D:5      | Found an opulent altar of Gozag.
  4011 | D:6      | Reached XP level 8. HP: 67/67 MP: 12/12
  4594 | D:6      | Reached skill level 6 in Armour
  4629 | D:7      | Noticed a kobold demonologist
  4636 | D:6      | Reached XP level 9. HP: 58/73 MP: 14/14
  4663 | D:7      | Noticed a red devil
  4663 | D:7      | Noticed an ice devil
  4675 | D:6      | Noticed an orange demon
  4676 | D:6      | Killed a kobold demonologist
  4813 | D:7      | Reached **** piety under Trog
  4818 | D:7      | Reached skill level 5 in Invocations
  4907 | D:7      | Noticed a kobold demonologist
  4912 | D:7      | Noticed an orange demon
  4915 | D:7      | Noticed a sun demon
  4941 | D:7      | Killed a kobold demonologist
  5041 | D:7      | Reached XP level 10. HP: 80/80 MP: 17/17
  5300 | D:7      | Found Qerimm's Lightly-Used Armoury.
  5384 | D:7      | Reached skill level 5 in Short Blades
  5384 | D:7      | Reached skill level 5 in Long Blades
  5384 | D:7      | Reached skill level 5 in Maces & Flails
  5384 | D:7      | Reached skill level 5 in Polearms
  5384 | D:7      | Reached skill level 5 in Staves
  5384 | D:7      | Reached skill level 5 in Ranged Weapons
  5384 | D:7      | Reached skill level 5 in Throwing
  5384 | D:7      | Reached skill level 5 in Stealth
  5384 | D:7      | Reached skill level 5 in Shields
  5384 | D:7      | Reached skill level 5 in Unarmed Combat
  5384 | D:7      | Reached skill level 5 in Spellcasting
  5384 | D:7      | Reached skill level 5 in Evocations
  5394 | D:7      | Found the +7 Throatcutter {drain, coup de grace}
  5544 | D:8      | Found a runed translucent gate.
  5544 | D:8      | Found a runed translucent gate.
  5544 | D:8      | Found a runed translucent gate.
  5614 | D:8      | Reached skill level 7 in Armour
  5623 | D:8      | Found a sparkling altar of Nemelex Xobeh.
  5732 | D:8      | Noticed a white ugly thing
  5732 | D:8      | Noticed a red ugly thing
  5732 | D:8      | Noticed a purple ugly thing
  5732 | D:8      | Noticed a glowing orange brain
  5819 | D:8      | Noticed a two-headed ogre
  5829 | D:8      | Killed a two-headed ogre
  5926 | D:8      | Reached skill level 5 in Shapeshifting
  5945 | D:8      | Found Nydwo's Jewellery Boutique.
  6108 | D:8      | Killed a brown ugly thing
  6110 | D:8      | Killed a red ugly thing
  6112 | D:8      | Killed a glowing orange brain
  6114 | D:8      | Killed a green ugly thing
  6115 | D:8      | Reached XP level 11. HP: 87/87 MP: 19/19
  6116 | D:8      | Found a runed translucent gate.
  6116 | D:8      | Found a runed translucent gate.
  6119 | D:8      | Noticed innerfire43's ghost (novice GnSh)
  6120 | D:8      | Found a runed translucent gate.
  6124 | D:8      | a wind drake changed into a lindwurm
  6124 | D:8      | Noticed a lindwurm (shapeshifter)
  6135 | D:8      | Killed a lindwurm
  6136 | D:8      | Reached skill level 5 in Conjurations
  6136 | D:8      | Reached skill level 5 in Hexes
  6136 | D:8      | Reached skill level 5 in Summonings
  6136 | D:8      | Reached skill level 5 in Necromancy
  6136 | D:8      | Reached skill level 5 in Translocations
  6136 | D:8      | Reached skill level 5 in Transmutations
  6136 | D:8      | Reached skill level 5 in Fire Magic
  6136 | D:8      | Reached skill level 5 in Ice Magic
  6136 | D:8      | Reached skill level 5 in Air Magic
  6136 | D:8      | Reached skill level 5 in Earth Magic
  6136 | D:8      | Reached skill level 5 in Poison Magic
  6159 | D:8      | Killed innerfire43's ghost
  6177 | D:8      | Gained mutation: You have a pair of small antennae on your
                  | head. [mutagenic glow]
  6246 | D:8      | Lost mutation: You have a pair of small antennae on your
                  | head. [potion of mutation]
  6246 | D:8      | Gained mutation: Your flesh is heat resistant. (rF+)
                  | [potion of mutation]
  6246 | D:8      | Gained mutation: You occasionally lose the ability to read
                  | scrolls when taking damage. [potion of mutation]
  6246 | D:8      | Gained mutation: You have large cloven feet. [potion of
                  | mutation]
  6247 | D:8      | Lost mutation: You have large cloven feet. [potion of
                  | mutation]
  6247 | D:8      | Lost mutation: Your flesh is heat resistant. (rF+) [potion
                  | of mutation]
  6247 | D:8      | Gained mutation: You sometimes lose the ability to read
                  | scrolls when taking damage. [potion of mutation]
  6247 | D:8      | Gained mutation: You are frail. (-10% HP) [potion of
                  | mutation]
  6247 | D:8      | Gained mutation: You are very frail. (-20% HP) [potion of
                  | mutation]
  6248 | D:8      | Lost mutation: You sometimes lose the ability to read
                  | scrolls when taking damage. [potion of mutation]
  6248 | D:8      | Lost mutation: You are very frail. (-20% HP) [potion of
                  | mutation]
  6248 | D:8      | Lost mutation: You are frail. (-10% HP) [potion of
                  | mutation]
  6248 | D:8      | Gained mutation: You are dopey. (Int -2) [potion of
                  | mutation]
  6248 | D:8      | Gained mutation: Your magical capacity is low. (-10% MP)
                  | [potion of mutation]
  6249 | D:8      | Lost mutation: You are dopey. (Int -2) [potion of mutation]
  6249 | D:8      | Lost mutation: Your magical capacity is low. (-10% MP)
                  | [potion of mutation]
  6249 | D:8      | Lost mutation: You occasionally lose the ability to read
                  | scrolls when taking damage. [potion of mutation]
  6249 | D:8      | Gained mutation: You are agile. (Dex +4, Str/Int -1)
                  | [potion of mutation]
  6249 | D:8      | Gained mutation: You have sharp toenails. [potion of
                  | mutation]
  6249 | D:8      | Gained mutation: You expend magic power (3 MP) to
                  | strengthen your wands. [potion of mutation]
  6335 | D:9      | Noticed an obsidian statue
  6475 | D:9      | Reached skill level 8 in Armour
  6533 | D:9      | Found a staircase to the Lair.
  7051 | D:9      | Noticed a two-headed ogre
  7056 | D:9      | Killed a two-headed ogre
  7202 | D:10     | Entered Level 10 of the Dungeon
  7203 | D:10     | Noticed a two-headed ogre
  7217 | D:10     | Killed a two-headed ogre
  7274 | D:10     | Noticed Lodul
  7355 | D:10     | Killed Lodul
  7415 | D:10     | Identified the +1 battleaxe of the Maze {heavy, Drain rElec
                  | rPois rN+}
  7637 | D:10     | Reached ***** piety under Trog
  7743 | D:7      | Bought -3 gold dragon scales for 975 gold pieces
  7868 | D:11     | Noticed a deep elf pyromancer
  7870 | D:11     | Reached XP level 12. HP: 91/96 MP: 22/22
  8003 | D:11     | HP: 2/97 [orc warrior/+0 trident (3)]
  8282 | D:11     | Noticed a two-headed ogre
  8289 | D:11     | Killed a two-headed ogre
  8377 | D:11     | Found a staircase to the Orcish Mines.
  8505 | D:11     | Noticed a boulder beetle
  8518 | D:11     | Killed a boulder beetle
  8630 | Orc:1    | Entered Level 1 of the Orcish Mines
  8801 | Orc:1    | Reached skill level 10 in Fighting
  8801 | Orc:1    | Reached skill level 10 in Axes
  8839 | Orc:1    | Found Tosh's General Store.
  9160 | Lair:1   | Entered Level 1 of the Lair of Beasts
  9256 | Lair:1   | Noticed Urug
  9272 | Lair:1   | Killed Urug
  9323 | Lair:1   | Noticed Grum
  9329 | Lair:1   | Killed Grum
  9335 | Lair:1   | Reached skill level 9 in Armour
  9494 | Lair:1   | Received a gift from Trog
  9613 | Lair:1   | Reached XP level 13. HP: 87/104 MP: 23/25
 10230 | Lair:1   | Upgraded the game from 0.31-a0-744-gbc345e7fcb to
                  | 0.31-a0-750-gfe7b580527
 10326 | Lair:2   | Identified the +2 robe "Hutiemonn" {Harm rF- SInv}
 10612 | Orc:1    | Bought a scroll of enchant armour for 120 gold pieces
 10949 | Lair:2   | Found a staircase to the Shoals.
 11755 | Lair:3   | Found a hole to the Spider Nest.
 12568 | Lair:4   | Reached skill level 10 in Armour
 12568 | Lair:4   | Reached skill level 10 in Dodging
 13233 | Lair:5   | Entered Level 5 of the Lair of Beasts
 13263 | Lair:5   | Noticed Nessos
 13277 | Lair:5   | Killed Nessos
 13278 | Lair:5   | Reached XP level 14. HP: 65/113 MP: 23/27
 13578 | Lair:5   | Reached skill level 10 in Invocations
 14066 | Lair:5   | Received a gift from Trog
 14079 | Lair:5   | HP: 4/113 [spore (8)]
 14105 | Lair:5   | Found a viscous altar of Jiyva.
 14106 | Lair:5   | Found a staircase to the Slime Pits.
 15026 | D:9      | Identified the amulet of Moderation {Faith Harm rCorr Str-3
                  | Int+2 Slay+5}
 15032 | D:9      | Identified the ring "Erphyxe" {Fly Str+3 Int+6 Dex+2}
 15173 | D:12     | Received a gift from Trog
 15952 | D:12     | Found a portal to a secret trove of treasure.
 16001 | D:13     | Noticed Snorg
 16016 | D:13     | Killed Snorg
 16264 | D:13     | Found a gate to the Vaults.
 16371 | D:13     | Identified the +1 plate armour of the Raven {rPois rF+
                  | Int+4}
 16470 | D:13     | Reached XP level 15. HP: 104/120 MP: 28/28
 17456 | D:14     | Reached skill level 11 in Armour
 17484 | D:14     | Reached skill level 10 in Short Blades
 17484 | D:14     | Reached skill level 10 in Long Blades
 17484 | D:14     | Reached skill level 10 in Maces & Flails
 17484 | D:14     | Reached skill level 10 in Polearms
 17484 | D:14     | Reached skill level 10 in Staves
 17484 | D:14     | Reached skill level 10 in Ranged Weapons
 17484 | D:14     | Reached skill level 10 in Throwing
 17484 | D:14     | Reached skill level 10 in Stealth
 17484 | D:14     | Reached skill level 10 in Shields
 17484 | D:14     | Reached skill level 10 in Unarmed Combat
 17484 | D:14     | Reached skill level 10 in Spellcasting
 17484 | D:14     | Reached skill level 10 in Evocations
 17952 | D:14     | Noticed Kirke
 17965 | D:14     | Killed Kirke
 18563 | D:8      | Bought a ring of willpower for 250 gold pieces
 18725 | D:15     | Entered Level 15 of the Dungeon
 18738 | D:15     | Found a gate leading to a gauntlet.
 18740 | D:15     | Found a flickering gateway to a bazaar.
 18755 | Bazaar   | Entered a bazaar
 18774 | Bazaar   | Found Ticewo's Distillery.
 18787 | Bazaar   | Found Pafiu's Book Shoppe.
 18816 | Bazaar   | Found Xuodiv's Jewellery Emporium.
 18829 | Bazaar   | Found Buntoar's Book Emporium.
 18859 | Bazaar   | Bought a manual of Armour for 720 gold pieces
 18871 | Bazaar   | Bought 2 potions of heal wounds for 120 gold pieces
 18871 | Bazaar   | Bought a potion of heal wounds for 60 gold pieces
 18889 | Gauntlet | Entered a Gauntlet
 18904 | Gauntlet | Found a transporter.
 18904 | Gauntlet | Found a transporter.
 18918 | Gauntlet | Found a transporter.
 18918 | Gauntlet | Found a transporter.
 18933 | Gauntlet | Found a transporter.
 18935 | Gauntlet | Found a transporter.
 18952 | Gauntlet | Found a transporter.
 18956 | Gauntlet | Found a transporter.
 18967 | Gauntlet | Found a transporter.
 18970 | Gauntlet | Found a transporter.
 18981 | Gauntlet | Found a transporter.
 19000 | Gauntlet | Found a transporter.
 19220 | Gauntlet | Identified the ring "Kaew" {rN+ Str+2 Stlth+}
 20182 | D:15     | HP: 6/121 [poisoned by a redback]
 20553 | D:15     | Noticed Agnes
 20562 | D:15     | Killed Agnes
 21167 | D:15     | Found a staircase to the Depths.
 21382 | Orc:2    | Entered Level 2 of the Orcish Mines
 21500 | Orc:2    | Noticed Erolcha
 21555 | Orc:2    | Killed Erolcha
 21574 | Orc:2    | Reached skill level 12 in Armour
 21680 | Orc:2    | Found a staircase to the Elven Halls.
 21780 | Orc:2    | Reached XP level 16. HP: 83/129 MP: 30/30
 21785 | Orc:2    | Found Gefysid's Weapon Shoppe.
 22516 | Orc:2    | Reached skill level 10 in Shapeshifting
 22595 | Orc:2    | Received a gift from Trog
 22675 | Orc:2    | Found Maxzitsoqey's Book Shoppe.
 22752 | Orc:2    | Found Oqya's Armour Shop.
 22761 | Orc:2    | Found Petobrar's Distillery.
 22769 | Orc:2    | Bought a potion of might for 56 gold pieces
 22769 | Orc:2    | Bought a potion of lignification for 42 gold pieces
 22769 | Orc:2    | Bought a potion of invisibility for 112 gold pieces
 23100 | Spider:1 | Entered Level 1 of the Spider Nest
 23117 | Spider:1 | Identified the ring "Ydoilez" {Will+ Dex+5}
 25818 | Spider:2 | Noticed Jorgrun
 25830 | Spider:2 | Killed Jorgrun
 25857 | Spider:2 | Received a gift from Trog
 26166 | Spider:2 | Reached skill level 13 in Armour
 26182 | Spider:2 | Blown up by an orb spider

Illustrated notes

Levels and vault maps discovered:
D:1:      pf_arrival_petrified_forest, layout_basic
D:2:      layout_basic, basic_altar, pf_guarded_unrand_woodcutter
D:3:      layout_loops_ring, nicolae_qazlal_general_emergency, vehumet_crystals,
          serial_shops, nicolae_shop_rolling_square
D:4:      layout_loops_ring, nicolae_overflow_crystal_walls,
          minmay_temple_entry_fiery
D:5:      layout_basic, mainiacjoe_overflow_swirl
D:6:      layout_loops_cross, nicolae_eternal_life, dk_noncrumbling_2
D:7:      layout_cave_pools, minmay_shop_damaged, dilly_guarded_unrand_throatcut
D:8:      layout_rooms, lemuel_crystal_altar,
          ploomutoo_gammafunk_ghost_potion_laboratory, serial_shops, shop
D:9:      layout_basic, erik_lair_orcish_takeover, minmay_protected_statue
D:10:     layout_cross, dk_noncrumbling_3, uniq_lodul
D:11:     layout_cave_pools, david_orc_2, special_room [special_room_orc],
          grunt_ministairs_6
D:12:     layout_small_grid, enter_trove_3
D:13:     layout_stronghold, hellmonk_vaults_order_and_chaos, uniq_snorg
D:14:     layout_basic, feat_on_display, uniq_kirke
D:15:     grunt_enter_depths_magical_seal, layout_basic, gauntlet_entry_generic,
          serial_shops, bzr_entry_water, dreamdust_wishing_well, special_room
          [special_room_orc], dreamdust_wasp_nest, uniq_agnes
Lair:1:   layout_roguey, grunt_megastairs_4, lemuel_fruit_tree, uniq_grum,
          uniq_urug
Lair:2:   layout_roguey, minmay_shoals_entry_lonely_mermaid, minmay_holes
Lair:3:   layout_regular_city, dummy_spider_entry, serial_bayou_shore_b
Lair:4:   layout_cellular_growth
Lair:5:   hangedman_lair_caniforms_friends, layout_regular_city, slime_entry_1,
          uniq_nessos
Spider:1: layout_spider_delve
Spider:2: layout_spider_delve, uniq_jorgrun
Orc:1:    layout_caves, serial_shops, shop
Orc:2:    st_orc_open, layout_caves, uniq_erolcha

Skill      XL: |  1  2  3  4  5  6  7  8  9 10 11 12 13 14 15 16 |
---------------+-------------------------------------------------+-----
Invocations    | 1 2 3 4 5 6 7 8 9 10 11 12 | 12.2
Short Blades   | 1 2 3 4 5 6 8 9 10 11 | 11.2
Long Blades    | 1 2 3 4 5 6 8 9 10 11 | 11.2
Maces & Flails | 1 2 3 4 5 6 8 9 10 11 | 11.2
Polearms       | 1 2 3 4 5 6 8 9 10 11 | 11.2
Staves         | 1 2 3 4 5 6 8 9 10 11 | 11.2
Ranged Weapons | 1 2 3 4 5 6 8 9 10 11 | 11.2
Throwing       | 1 2 3 4 5 6 8 9 10 11 | 11.2
Stealth        | 1 2 3 4 5 6 8 9 10 11 | 11.2
Shields        | 1 2 3 4 5 6 8 9 10 11 | 11.2
Unarmed Combat | 1 2 3 4 5 6 8 9 10 11 | 11.2
Spellcasting   | 1 2 3 4 5 6 8 9 10 11 | 11.2
Evocations     | 1 2 3 4 5 6 8 9 10 11 | 11.2
Shapeshifting  | 1 2 3 4 5 6 7 8 9 10 | 10.3
Conjurations   | 1 2 3 4 5 6 7 8 9 |  9.4
Hexes          | 1 2 3 4 5 6 7 8 9 |  9.4
Summonings     | 1 2 3 4 5 6 7 8 9 |  9.4
Necromancy     | 1 2 3 4 5 6 7 8 9 |  9.4
Translocations | 1 2 3 4 5 6 7 8 9 |  9.4
Transmutations | 1 2 3 4 5 6 7 8 9 |  9.4
Fire Magic     | 1 2 3 4 5 6 7 8 9 |  9.4
Ice Magic      | 1 2 3 4 5 6 7 8 9 |  9.4
Air Magic      | 1 2 3 4 5 6 7 8 9 |  9.4
Earth Magic    | 1 2 3 4 5 6 7 8 9 |  9.4
Poison Magic   | 1 2 3 4 5 6 7 8 9 |  9.4
Armour         | 5 6 7 8 9 10 12 13 | 13.0
Dodging        | 5 6 7 8 9 10 11 12 | 12.1
Fighting       | 7 8 9 10 11 12 | 12.9
Axes           | 7 8 9 10 11 12 | 12.9

Action                     |  1- 3 |  4- 6 |  7- 9 | 10-12 | 13-15 | 16-18 || total
---------------------------+-------+-------+-------+-------+-------+-------++-------
  Melee: Hand axe          |    66 |       |       |       |       |       ||    66
         Bite              |     5 |    13 |    17 |    61 |   173 |    27 ||   296
         Punch             |     1 |       |       |       |     4 |       ||     5
         Dagger            |     5 |    19 |       |       |       |       ||    24
         Battleaxe         |       |   130 |   189 |   503 |  1163 |   236 ||  2221
         Dire flail        |       |       |       |       |     7 |       ||     7
         Demon whip        |       |       |       |       |    18 |       ||    18
         Unarmed           |       |       |       |       |     3 |       ||     3
         Lance             |       |       |       |       |       |    10 ||    10
  Throw: Dart              |       |       |       |     7 |    46 |    88 ||   141
 Invoke: Berserk           |     2 |       |     4 |     5 |    17 |     3 ||    31
         Trog's Hand       |       |     1 |     2 |     8 |    18 |     2 ||    31
         Brothers in Arms  |       |       |       |     1 |     5 |       ||     6
Ability: Begin Untransform |       |     1 |       |       |       |       ||     1
  Evoke: Wand              |       |       |       |       |     4 |     2 ||     6
    Use: Scroll            |       |    11 |     5 |     9 |    13 |     3 ||    41
         Potion            |       |       |       |     8 |       |       ||     8
   Stab: Sleeping          |     1 |       |       |       |       |       ||     1
         Invisible         |       |       |       |       |     2 |       ||     2
 Armour: Animal skin       |     3 |       |       |       |       |       ||     3
         Chain mail        |    62 |    32 |       |       |       |       ||    94
         Plate armour      |       |    55 |   295 |   298 |       |       ||   648
         Gold dragon scale |       |       |       |   334 |  1744 |   365 ||  2443
  Dodge: Dodged            |    28 |    50 |   129 |   233 |   573 |   137 ||  1150
   Form: Beast             |     1 |       |       |       |       |       ||     1

Table legend: (Time is in decaauts)
 A = Elapsed time spent in this place.
 B = Non-inter-level travel time spent in this place.
 C = Inter-level travel time spent in this place.
 D = Time resting spent in this place.
 E = Time spent auto-exploring this place.
 F = Levels seen in this place.
 G = Mean time per level.
                   A        B        C        D        E       F      G
               +--------+--------+--------+--------+--------+-----+--------+
         Total |  26506 |  23967 |   2539 |   2732 |  16079 |  26 | 1019.5 |
       Dungeon |  14835 |  13012 |   1823 |   1356 |   8800 |  15 |  989.0 |
          Lair |   5737 |   5324 |    413 |    445 |   3658 |   5 | 1147.4 |
   Spider Nest |   3098 |   3004 |     94 |    604 |   1974 |   2 | 1549.0 |
  Orcish Mines |   2142 |   1935 |    207 |    252 |   1301 |   2 | 1071.0 |
        Bazaar |    126 |    126 |      0 |      0 |     71 |   1 |  126.0 |
      Gauntlet |    566 |    566 |      0 |     74 |    274 |   1 |  566.0 |
               +--------+--------+--------+--------+--------+-----+--------+

Top non-repeatable levels by time:
Spider:1: 2101 daAuts
    D:15: 1691 daAuts
  Lair:5: 1615 daAuts
    D:14: 1474 daAuts
     D:9: 1309 daAuts
    D:13: 1271 daAuts
  Lair:1: 1192 daAuts
     D:2: 1121 daAuts
   Orc:2: 1093 daAuts
  Lair:3: 1059 daAuts
     D:6: 1050 daAuts
   Orc:1: 1049 daAuts
  Lair:4: 1036 daAuts
Spider:2: 996 daAuts
    D:12: 994 daAuts
